 Dungeon Crawl Stone Soup version 0.25-a0-55-g0753fd1ad2 (webtiles) character file.

Game seed: 6670628635167486056, levelgen mode: deterministic

6339 Ruokin the Carver (level 10, -1/96 HPs)
             Began as a Hill Orc Fighter on Oct 25, 2019.
             Was a Believer of Okawaru.
             Slain by an unseen horror (5 damage)
             ... on level 10 of the Dungeon.
             The game lasted 01:00:40 (9896 turns).

Ruokin the Carver (Hill Orc Fighter)                Turns: 9896, Time: 01:00:41

Health: -1/96      AC: 13    Str: 25    XL:     10   Next: 96%
Magic:  0/10       EV:  9    Int:  8    God:    Okawaru [**....]
Gold:   651        SH: 11    Dex: 10    Spells: 9/9 levels left

rFire    + + +     SeeInvis .   a - +1 long sword
rCold    . . .     Gourm    .   c - +0 shield
rNeg     . . .     Faith    .   h - +0 fire dragon scales
rPois    .         Spirit   +   G - +0 helmet
rElec    .         Reflect  +   j - scarf {Spirit}
rCorr    .         Harm     .   e - +0 pair of gloves
MR       .....                  (no boots)
Stlth    ..........             v - +2 amulet of reflection
HPRegen  0.26/turn              l - ring of protection from cold
MPRegen  0.12/turn              o - ring of protection from fire

@: hasted, very quick
A: robust 1, strong 1
a: Heroism, Renounce Religion


You were on level 10 of the Dungeon.
You worshipped Okawaru.
Okawaru was pleased with you.
You were not hungry.

You visited 1 branch of the dungeon, and saw 9 of its levels.

You collected 651 gold pieces.

Inventory:

Hand Weapons
 a - a +1 long sword (weapon)
 I - a +3 battleaxe
Missiles
 g - 4 boomerangs (quivered)
 m - 335 stones
 M - 8 poisoned darts
Armour
 c - a +0 shield (worn)
 e - a +0 pair of gloves (worn)
 h - +0 fire dragon scales (worn)
 j - a scarf of spirit shield (worn)
 G - a +0 helmet (worn)
Jewellery
 l - a ring of protection from cold (left hand)
 o - a ring of protection from fire (right hand)
 v - a +2 amulet of reflection (around neck)
Wands
 r - a wand of digging (6)
 x - a wand of disintegration (11)
 E - a wand of polymorph (8)
 L - a wand of random effects (5)
 O - a wand of acid (4)
Scrolls
 b - 4 scrolls of amnesia
 i - 2 scrolls of enchant weapon
 n - 3 scrolls of fog
 p - 10 scrolls of identify
 s - 3 scrolls of enchant armour
 y - 2 scrolls of magic mapping
 H - a scroll of blinking
 K - a scroll of vulnerability
 N - a scroll of remove curse
Potions
 d - 3 potions of mutation
 k - 2 potions of lignification
 q - a potion of curing
 t - 2 potions of flight
 z - a potion of brilliance
 A - 3 potions of might
 B - 3 potions of berserk rage
 D - a potion of cancellation
Comestibles
 f - 13 rations


   Skills:
 + Level 8.3 Fighting
 + Level 12.8 Long Blades
 * Level 5.3 Axes
 - Level 0.2 Throwing
 + Level 8.2 Armour
 + Level 3.2 Dodging
 - Level 3.2 Shields


You had 9 spell levels left.
You didn't know any spells.
Your spell library contained the following spells:

 Spells                   Type           Power        Failure   Level  Hunger
 Summon Small Mammal      Summ           #...         99%         1    ##.....
 Call Imp                 Summ           #.......     100%        2    ###....
 Call Canine Familiar     Summ           #.......     100%        3    ####...
 Summon Guardian Golem    Hex/Summ       #.......     100%        3    ####...
 Summon Ice Beast         Ice/Summ       #.......     100%        4    #####..
 Summon Lightning Spire   Summ/Air       #.......     100%        4    #####..


Dungeon Overview and Level Annotations

Branches:
Dungeon (10/15)            Temple (0/1) D:5             Orc (0/2) D:10
   Lair: D:8-11

Altars:
Cheibriados
Elyvilon
Hepliaklqana
Nemelex Xobeh
Okawaru
Ru
Sif Muna
Trog
Vehumet
Xom
Yredelemnul


Innate Abilities, Weirdness & Mutations

You are robust. (+10% HP)
Your muscles are strong. (Str +2)


Message History

Something hits you but does no damage. Something hits you but does no damage.
You block something's attack.
The gnoll shouts!
Something completely misses you. Something hits you but does no damage.
Something hits you but does no damage. x2
You block something's attack.
Items here: )))) [[[
Things that are here:
a +0 club; a +0 short sword Something completely misses you.
Things that are here:
a +0 dagger x2
Something hits you.
Things that are here:
a +0 dagger; a +0 ring mail; a +0 flail Something hits you but does no damage.
Something hits you!
You die...

##.# ##.# #..# #..#
##'### ###'##### #....#
#.......# #....#
#######..<....# ## #....#
#...#.'.......# #.
########.#)))#)......###.
#8...8#)#..##.......'.#.
#....(#@#####§§§§§§.#.'.
#..>..'{# #§§§§§§§###.
#.....#.# #§§§§§§§# #.
#8...8#)# #####§### #.
#######)# #...§§# #. #.#
#)#####.##### ## #.#
#)g.g...# #.# #####.###
### #.# ##)####### #..


You could see a gnoll.

Vanquished Creatures
  Pikel (D:4)
  A manticore (D:10)
  2 trolls (D:10)
  Grinder (D:3)
  A hippogriff (D:10)
  Sigmund (D:2)
  A wyvern (D:10)
  3 yaks (D:10)
  Eustachio (D:4)
  Menkaure (D:7)
  Duvessa (D:7)
  5 orc warriors
  3 sky beasts
  A phantom (D:4)
  A centaur (D:9)
  5 ogres
  5 big kobolds
  3 bullfrogs
  5 gnoll sergeants
  A scorpion (D:5)
  Dowan (D:7)
  3 wights (D:9)
  A howler monkey (D:10)
  2 crimson imps
  3 jellies (D:10)
  A bullfrog skeleton (D:10)
  2 hounds
  6 orc wizards
  An orc priest (D:5)
  2 iguanas
  6 worker ants
  Ijyb (D:3)
  Terence (D:3)
  A worker ant zombie (D:10)
  15 gnolls
  7 adders
  2 shadow imps (D:7)
  6 oozes
  An adder skeleton (D:9)
  2 worms
  7 leopard geckos
  23 orcs
  2 ball pythons (D:3)
  7 giant cockroaches
  8 goblins
  9 hobgoblins
  7 jackals
  3 quokkas
  11 bats
  4 frilled lizards
  20 kobolds
  A quokka zombie (D:9)
  11 rats
220 creatures vanquished.

Vanquished Creatures (others)
  A centaur (D:10)
1 creature vanquished.

Grand Total: 221 creatures vanquished

Notes
Turn   | Place    | Note
-------+----------+-------------------------------------------
     0 | D:1      | Ruokin the Hill Orc Fighter began the quest for the Orb.
     0 | D:1      | Reached XP level 1. HP: 19/19 MP: 1/1
   160 | D:1      | Reached XP level 2. HP: 24/27 MP: 2/2
   622 | D:1      | Reached XP level 3. HP: 33/33 MP: 3/3
   683 | D:2      | Reached skill level 3 in Long Blades
   961 | D:2      | Reached XP level 4. HP: 40/40 MP: 4/4
  1135 | D:2      | Noticed Sigmund
  1151 | D:2      | Killed Sigmund
  1151 | D:2      | Reached skill level 5 in Long Blades
  1151 | D:2      | Reached XP level 5. HP: 37/46 MP: 5/5
  1195 | D:2      | Found a sacrificial altar of Ru.
  1321 | D:2      | Reached XP level 6. HP: 52/52 MP: 6/6
  1543 | D:2      | Found a basalt altar of Yredelemnul.
  1597 | D:2      | Found a white marble altar of Elyvilon.
  1605 | D:2      | Became a worshipper of Elyvilon the Healer
  1679 | D:3      | Noticed Ijyb
  1706 | D:3      | Killed Ijyb
  1991 | D:3      | Noticed Grinder
  2012 | D:3      | Paralysed by Grinder for 4 turns
  2023 | D:3      | Paralysed by Grinder for 6 turns
  2039 | D:3      | Gained mutation: Your muscles are strong. (Str +2) [potion
                  | of mutation]
  2039 | D:3      | Gained mutation: You are robust. (+10% HP) [potion of
                  | mutation]
  2046 | D:3      | Killed Grinder
  2046 | D:3      | Reached skill level 6 in Long Blades
  2046 | D:3      | Reached XP level 7. HP: 5/66 MP: 2/7
  2380 | D:3      | Noticed Terence
  2388 | D:3      | Killed Terence
  2388 | D:3      | Reached skill level 7 in Long Blades
  2736 | D:3      | Reached * piety under Elyvilon
  3067 | D:4      | Noticed Eustachio
  3149 | D:4      | Killed Eustachio
  3149 | D:4      | Reached skill level 1 in Dodging
  3387 | D:4      | Reached skill level 8 in Long Blades
  3440 | D:4      | Noticed Pikel
  3469 | D:4      | Killed Pikel
  3469 | D:4      | Reached skill level 5 in Fighting
  3469 | D:4      | Reached skill level 9 in Long Blades
  3469 | D:4      | Reached skill level 5 in Armour
  3469 | D:4      | Reached XP level 8. HP: 75/75 MP: 8/8
  3931 | D:5      | Entered Level 5 of the Dungeon
  3939 | D:5      | Reached ** piety under Elyvilon
  4154 | D:5      | Found a staircase to the Ecumenical Temple.
  4427 | D:5      | Found a radiant altar of Vehumet.
  4427 | D:5      | Found a shimmering blue altar of Sif Muna.
  4433 | D:5      | Found a snail-covered altar of Cheibriados.
  4435 | D:5      | Found a shimmering altar of Xom.
  4436 | D:5      | Found a hazy altar of Hepliaklqana.
  4801 | D:6      | Reached skill level 10 in Long Blades
  4860 | D:5      | Reached XP level 9. HP: 59/82 MP: 9/9
  5333 | D:6      | Was placed under penance by Elyvilon
  5487 | D:6      | Found a bloodstained altar of Trog.
  5585 | D:6      | Found a sparkling altar of Nemelex Xobeh.
  5694 | D:7      | Was forgiven by Elyvilon
  5914 | D:7      | Noticed Menkaure
  5934 | D:7      | Killed Menkaure
  6136 | D:7      | Noticed Duvessa
  6137 | D:7      | Noticed Dowan
  6149 | D:7      | Killed Dowan
  6149 | D:7      | Reached skill level 11 in Long Blades
  6175 | D:7      | Killed Duvessa
  6338 | D:7      | You fall into a shaft and drop 3 floors!
  6338 | D:10     | Entered Level 10 of the Dungeon
  7035 | D:9      | Reached *** piety under Elyvilon
  7044 | D:9      | Found a bloodstained altar of Trog.
  7118 | D:9      | Found an iron altar of Okawaru.
  7130 | D:9      | Fell from the grace of Elyvilon
  7130 | D:9      | Became a worshipper of Warmaster Okawaru
  7283 | D:9      | Reached skill level 1 in Axes
  7458 | D:9      | Reached XP level 10. HP: 83/92 MP: 8/10
  7879 | D:10     | Reached skill level 12 in Long Blades
  8054 | D:10     | Reached * piety under Okawaru
  8137 | D:10     | Noticed a manticore
  8158 | D:10     | Killed a manticore
  8960 | D:10     | Found a staircase to the Orcish Mines.
  9007 | D:10     | Reached ** piety under Okawaru
  9014 | D:10     | Reached skill level 5 in Axes
  9881 | D:10     | HP: 1/96 [something (5)]
  9896 | D:10     | Slain by an unseen horror

Levels and vault maps discovered:
D:1:      wander_arrival_chamber, layout_basic,
          wander_ebering_terrifying_dragon_lair
D:2:      kennysheep_six_static_rooms, layout_rooms, kennysheep_ying_yang,
          nicolae_ru_sacrificial_ziggurat, uniq_sigmund
D:3:      corexii_shack_village, layout_basic, uniq_ijyb, uniq_terence,
          uniq_grinder
D:4:      layout_loops_ring, serial_forest, infiniplex_forest_clump_small,
          infiniplex_forest_lined_room_3, infiniplex_forest_straight_2,
          infiniplex_forest_end_3, infiniplex_forest_end_1, uniq_pikel,
          uniq_eustachio
D:5:      layout_cave_pools, chequers_temple_overflow_minitemple,
          minmay_temple_entry_glassed_door, first_ration, minmay_pentangle
D:6:      layout_rooms, kennysheep_mini_moat, old_standard_altar
D:7:      layout_basic, nicolae_ossuary_entry_false_entrances,
          kennysheep_generic_room_9, uniq_duvessa, uniq_menkaure, uniq_harold
D:9:      layout_long_grid, marbit_many_paths, basic_altar
D:10:     layout_roguey, kennysheep_orc_monster_closet_entryway,
          hangedman_little_slice_of_home

Table legend:
 A = Non-vault XP
 B = Vault XP
 C = Vault XP percentage of total XP
 D = Non-vault monster count
 E = Vault monster count
 F = Vault count percentage of total count
                 A         B        C        D         E       F
            +---------+---------+-------+---------+---------+-------
      Total |    5583 |    3473 |  38.4 |     171 |      50 |  22.6
            +---------+---------+-------+---------+---------+-------
        D:1 |      32 |       3 |   8.6 |      19 |       1 |   5.0
        D:2 |      68 |     228 |  77.0 |      25 |       7 |  21.9
        D:3 |      68 |     376 |  84.7 |      21 |      10 |  32.3
        D:4 |     239 |     881 |  78.7 |      12 |       2 |  14.3
        D:5 |     474 |       1 |   0.2 |      13 |       1 |   7.1
        D:6 |     263 |       0 |   0.0 |      12 |       0 |   0.0
        D:7 |     452 |     382 |  45.8 |      12 |       3 |  20.0
        D:9 |    1173 |      34 |   2.8 |      21 |       1 |   4.5
       D:10 |    2814 |    1568 |  35.8 |      36 |      25 |  41.0
            +---------+---------+-------+---------+---------+-------
